 Dungeon Crawl Stone Soup version 0.30-a0-250-g41c1d76940 (webtiles) character file.

Game seed: 15021023483342300508

4153 pokeman the Thaumaturge (level 10, -3/56 HPs)
             Began as a Deep Elf Hedge Wizard on Oct 12, 2022.
             Was a Believer of Vehumet.
             Slain by a komodo dragon (14 damage)
             ... on level 8 of the Dungeon.
             The game lasted 00:21:54 (8914 turns).

pokeman the Thaumaturge (Deep Elf Hedge Wizard)     Turns: 8914, Time: 00:21:55

Health: -3/56      AC: 15    Str:  7    XL:     10   Next: 7%
Magic:  27/29      EV: 12    Int: 24    God:    Vehumet [**....]
Gold:   453        SH:  0    Dex: 14    Spells: 20/35 levels left

rFire   . . .      SeeInvis .    I - +1 scimitar (elec)
rCold   . . .      Faith    .    (no shield)
rNeg    . . .      Spirit   .    w - +0 leather armour
rPois   .          Reflect  .    a - +0 helmet
rElec   .          Harm     .    A - +2 cloak {Stlth+}
rCorr   .          Rampage  .    (no gloves)
Will    +....                    (no boots)
Stlth   +++.......               (no amulet)
HPRegen 0.29/turn                c - +4 ring of protection
MPRegen 0.21/turn                u - +4 ring of protection

@: on blink cooldown
A: no striking features
a: Renounce Religion


You were on level 8 of the Dungeon.
You worshipped Vehumet.
Vehumet was pleased with you.
You visited 2 branches of the dungeon, and saw 9 of its levels.

You collected 453 gold pieces.

Inventory:

Hand Weapons
 z - a +3 quarterstaff of chaos
 I - a +1 scimitar of electrocution (weapon)
 K - a +2 dagger of venom
Armour
 a - a +0 helmet (worn)
 w - a +0 leather armour (worn)
 A - a +2 cloak of stealth (worn)
Jewellery
 c - a +4 ring of protection (left hand)
 r - a ring of ice
 u - a +4 ring of protection (right hand)
 F - a +4 ring of evasion
Wands
 x - a wand of flame (15)
 E - a wand of polymorph (6)
 G - a wand of iceblast (11)
Scrolls
 e - 2 scrolls of poison {unknown}
 h - 10 scrolls of identify {unknown}
 j - a scroll of amnesia {unknown}
 n - 2 scrolls of enchant weapon {unknown}
 o - 6 scrolls of teleportation {unknown}
 p - 4 scrolls of vulnerability {unknown}
 q - 4 scrolls of butterflies {unknown}
 s - 3 scrolls of torment {unknown}
 y - a scroll of magic mapping {unknown}
 D - a scroll of blinking {unknown}
 H - 2 scrolls of enchant armour {unknown}
 L - a scroll of fear {unknown}
Potions
 b - 2 potions of ambrosia {unknown}
 d - 3 potions of magic
 f - 4 potions of haste {unknown}
 g - a potion of flight {unknown}
 i - 3 potions of curing {unknown}
 k - 2 potions of mutation {unknown}
 l - a potion of invisibility {unknown}
 m - a potion of resistance {unknown}
 t - 5 potions of berserk rage {unknown}
 v - a potion of degeneration {unknown}
 B - a potion of heal wounds {unknown}
 C - a potion of might {unknown}
 J - 2 potions of brilliance {unknown}


   Skills:
 - Level 4.0 Fighting
 + Level 3.0 Armour
 - Level 3.0 Dodging
 - Level 3.0 Stealth
 * Level 13.4 Spellcasting
 + Level 7.6 Conjurations
 - Level 1.1 Summonings
 - Level 1.1 Translocations
 - Level 1.2 Transmutations
 - Level 1.0 Ice Magic
 - Level 2.3 Air Magic
 - Level 2.5 Poison Magic
 - Level 2.0 Evocations


You had 20 spell levels left.
You knew the following spells:

 Your Spells              Type           Power      Damage    Failure   Level
a - Magic Dart            Conj           100%       1d8       1%          1
b - Mephitic Cloud        Conj/Pois/Air  36%        N/A       3%          3
c - Call Imp              Summ           21%        N/A       5%          2
d - Blink                 Tloc           42%        N/A       5%          2
e - Wereblood             Tmut           22%        N/A       4%          2
f - Freezing Cloud        Conj/Ice/Air   16%        6-21      32%         5

Your spell library contained the following spells:

 Spells                   Type           Power      Damage    Failure   Level
 Kiss of Death            Conj/Necr      100%       2d13      1%          1
 Sting                    Tmut/Pois      100%       1d8       2%          1
 Hailstorm                Conj/Ice       36%        3d9       2%          3
 Beastly Appendage        Tmut           44%        N/A       3%          1
 Freeze                   Ice            80%        1d9       3%          1
 Poisonous Vapours        Pois/Air       54%        N/A       3%          2
 Cigotuvi's Dreadful Rot  Necr/Pois/Air  46%        N/A       4%          2
 Slow                     Hex            64%        N/A       5%          1
 Spider Form              Tmut/Pois      25%        N/A       8%          3
 Ignite Poison            Fire/Tmut/Pois 22%        N/A       10%         3
 Frozen Ramparts          Ice            40%        1d7       11%         3
 Kindle Blastsparks       Fire/Tloc/Air  42%        2d13      11%         3
 Ozocubu's Armour         Ice            20%        N/A       11%         3
 Portal Projectile        Hex/Tloc       36%        N/A       13%         3
 Tukima's Dance           Hex            16%        N/A       16%         3
 Olgreb's Toxic Radiance  Pois           28%        N/A       19%         4
 Blade Hands              Tmut           11%        N/A       65%         5
 Metabolic Englaciation   Hex/Ice        9%         N/A       77%         5
 Simulacrum               Ice/Necr       9%         N/A       100%        6


Dungeon Overview and Level Annotations

Branches:
Dungeon (8/15)             Temple (1/1) D:6
   Lair: D:8-11

Altars:
Ashenzari
Dithmenos
Elyvilon
Fedhas
Gozag
Hepliaklqana
Kikubaaqudgha
Makhleb
Nemelex Xobeh
Qazlal
Ru
Sif Muna
Trog
Uskayaw
Vehumet
Xom
Yredelemnul
The Shining One


Message History

The komodo dragon bites you.
The troll is engulfed in noxious fumes.
The troll appears confused.
The troll bites the komodo dragon but does no damage.
The troll claws the komodo dragon.
The troll claws the komodo dragon!
You barely miss the komodo dragon.
The komodo dragon is severely wounded.
The komodo dragon bites you! The troll closely misses you.
The troll claws you but does no damage. The troll barely misses you.
The troll bites itself.
The troll claws itself!
The troll claws itself.
Unknown command.
You catch the helpless troll completely off-guard!
You slash the troll!
You kill the troll!
Vehumet accepts your kill.
Your life force feels restored.
Your Fighting skill increases to level 4!
Unknown command.
Unknown command.
You hit the komodo dragon.
The komodo dragon is severely wounded.
The komodo dragon bites you.
You strike the helpless komodo dragon from behind!
You hit the komodo dragon but do no damage.
The komodo dragon is severely wounded.
The komodo dragon bites you but does no damage.
The komodo dragon misses you.
You hit the komodo dragon.
The komodo dragon is severely wounded.
The komodo dragon bites you but does no damage.
You hit the komodo dragon but do no damage.
The komodo dragon is severely wounded.
The komodo dragon seems less confused.
The komodo dragon bites you!
You barely miss the komodo dragon.
The komodo dragon is severely wounded.
The komodo dragon bites you!
* * * LOW HITPOINT WARNING * * *
Casting: Mephitic Cloud (dangerous; 3% risk of failure)
Confirm with . or Enter, or press ? or * to list all spells.
You blink.
Found a halberd.
The komodo dragon bites you!
You die...

#.### #####...# #..># ##.
.##...### ###.# #..
..#.### ####'#### #.#
###.#.#
#.......######.#####.#.###
#.......#....#.#)##.#..#
#.........# #.. #.###.#
#.......### #.####.#..#
#.....>.# #@l§#.###.#
######.## ##$#.#.#..#
#.###############.# #####
#.................# #....
################### #.###
#.##. ###.##. #......
#.#.##.


You could see a komodo dragon.

Vanquished Creatures
  Pikel (D:4)
  A troll (D:8)
  Eustachio (D:4)
  Menkaure (D:6)
  Edmund (D:5)
  Duvessa (D:4)
  An orc warrior (D:8)
  3 ice beasts
  2 sky beasts (D:7)
  4 black bears
  4 ogres
  A phantom (D:5)
  A kobold brigand (D:7)
  A gnoll sergeant (D:7)
  A necrophage (D:8)
  2 bullfrogs
  A scorpion (D:5)
  Dowan (D:4)
  3 wights (D:8)
  A howler monkey (D:8)
  4 orc priests
  Crazy Yiuf (D:4)
  3 hounds
  Terence (D:2)
  6 iguanas
  16 orc wizards
  8 gnolls
  8 adders
  3 white imps
  An ufetubus (D:6)
  A worm (D:5)
  2 dart slugs
  9 orcs
  9 ball pythons
  11 endoplasms
  4 giant cockroaches
  13 goblins
  6 hobgoblins
  4 jackals (D:5)
  5 kobolds
  4 quokkas
  5 bats
  6 frilled lizards
  5 rats
167 creatures vanquished.

Vanquished Creatures (collateral kills)
  A lemure (D:4)
1 creature vanquished.

Vanquished Creatures (others)
  A wizard (D:5)
  An orc wizard (D:6)
  3 plants
5 creatures vanquished.

Grand Total: 173 creatures vanquished

Notes
Turn   | Place    | Note
-------+----------+-------------------------------------------
     0 | D:1      | pokeman the Deep Elf Hedge Wizard began the quest for the
                  | Orb.
     0 | D:1      | Reached XP level 1. HP: 10/10 MP: 7/7
   245 | D:1      | Reached XP level 2. HP: 16/16 MP: 6/9
   703 | D:1      | Reached skill level 5 in Spellcasting
   703 | D:1      | Reached XP level 3. HP: 20/20 MP: 4/11
   712 | D:1      | Learned a level 2 spell: Call Imp
   716 | D:1      | Learned a level 3 spell: Mephitic Cloud
   719 | D:1      | Learned a level 2 spell: Blink
  1188 | D:1      | Reached skill level 1 in Fighting
  1670 | D:2      | Reached skill level 1 in Armour
  1855 | D:2      | Noticed Terence
  2085 | D:3      | Found a hazy altar of Hepliaklqana.
  2289 | D:3      | Reached XP level 4. HP: 25/25 MP: 1/13
  3124 | D:2      | Killed Terence
  3308 | D:4      | Reached skill level 6 in Spellcasting
  3331 | D:4      | Noticed a lemure
  3331 | D:4      | Noticed a lemure
  3333 | D:4      | Noticed Pikel
  3335 | D:4      | Noticed a lemure
  3336 | D:4      | Noticed a lemure
  3344 | D:4      | Killed a lemure
  3355 | D:4      | Killed Pikel
  3356 | D:4      | Reached skill level 7 in Spellcasting
  3356 | D:4      | Reached XP level 5. HP: 29/29 MP: 6/17
  3356 | D:4      | Reached XP level 6. HP: 34/34 MP: 6/18
  3356 | D:4      | Reached XP level 7. HP: 38/38 MP: 6/20
  3487 | D:4      | Found a hide-covered altar of Uskayaw.
  3543 | D:4      | Found a burning altar of Makhleb.
  3562 | D:4      | Learned a level 2 spell: Wereblood
  3569 | D:4      | Noticed Duvessa
  3576 | D:4      | Noticed Dowan
  3923 | D:4      | Found a runed translucent door.
  3924 | D:4      | Noticed Crazy Yiuf
  4076 | D:4      | Killed Duvessa
  4077 | D:4      | Reached skill level 8 in Spellcasting
  4077 | D:4      | Reached skill level 1 in Transmutations
  4085 | D:4      | Killed Dowan
  4331 | D:4      | Noticed Eustachio
  4350 | D:4      | Killed Eustachio
  4351 | D:4      | Reached skill level 9 in Spellcasting
  4351 | D:4      | Reached skill level 1 in Evocations
  4351 | D:4      | Reached XP level 8. HP: 44/44 MP: 16/23
  4763 | D:4      | Killed Crazy Yiuf
  4885 | D:5      | Entered Level 5 of the Dungeon
  5099 | D:5      | Reached skill level 5 in Conjurations
  5162 | D:5      | Reached skill level 10 in Spellcasting
  5473 | D:5      | Found a bloodstained altar of Trog.
  5475 | D:5      | Noticed a wizard
  5480 | D:5      | Killed a wizard
  5541 | D:5      | Noticed Edmund
  5565 | D:5      | Killed Edmund
  5904 | D:6      | Found a staircase to the Ecumenical Temple.
  5921 | D:6      | Reached skill level 11 in Spellcasting
  5921 | D:6      | Reached XP level 9. HP: 48/48 MP: 23/26
  5927 | Temple   | Entered the Ecumenical Temple
  5983 | Temple   | Became a worshipper of Vehumet
  6116 | D:6      | Learned a level 5 spell: Freezing Cloud
  6186 | D:6      | Found a shadowy altar of Dithmenos.
  6266 | D:6      | Reached skill level 1 in Ice Magic
  6677 | D:6      | Noticed Menkaure
  6686 | D:6      | Killed Menkaure
  6927 | D:6      | Reached * piety under Vehumet
  6927 | D:6      | Offered knowledge of Sandblast by Vehumet.
  6928 | D:6      | Reached skill level 12 in Spellcasting
  8084 | D:7      | Found a shimmering blue altar of Sif Muna.
  8084 | D:7      | Found a glowing golden altar of the Shining One.
  8208 | D:8      | Found a white marble altar of Elyvilon.
  8310 | D:8      | Reached skill level 13 in Spellcasting
  8374 | D:8      | Found a sparkling altar of Nemelex Xobeh.
  8448 | D:8      | Offered knowledge of Kiss of Death by Vehumet.
  8524 | D:8      | Reached ** piety under Vehumet
  8525 | D:8      | Reached XP level 10. HP: 54/55 MP: 27/29
  8914 | D:8      | Slain by a komodo dragon

Illustrated notes

Levels and vault maps discovered:
D:1:      evilmike_arrival_rings, layout_basic, serial_forest,
          infiniplex_forest_clump_cross, infiniplex_forest_clump_tiny,
          infiniplex_forest_end_3, infiniplex_forest_clump_double,
          infiniplex_forest_clump_tiny, infiniplex_forest_diagonal
D:2:      layout_basic, minmay_misc_feat_alley, uniq_terence
D:3:      layout_rooms, nzn_hepliaklqana_mist_gate
D:4:      layout_loops_ring, grunt_temple_overflow_open,
          uniq_crazy_yiuf_cottage, uniq_pikel, uniq_eustachio, uniq_duvessa
D:5:      layout_rooms, trog_wizard, serial_curves, eino_curves_04,
          eino_curves_01, saegor_snake_ambush, uniq_edmund
D:6:      minmay_flawed_box, layout_gridville, mainiacjoe_overflow_alcove_2,
          minmay_temple_entry_statues_pillars, uniq_menkaure
D:7:      layout_gridville, nicolae_overflow_two_pavilions
D:8:      layout_basic, mainiacjoe_overflow_tiny_flanked, kennysheep_little_box,
          minmay_small_thing
Temple:   nicolae_temple_bog_church

Skill      XL: |  1  2  3  4  5  6  7  8  9 10 |
---------------+-------------------------------+-----
Spellcasting   | 5 7 9 11 13 | 13.4
Fighting       | 1 2 3 4 |  4.0
Armour         | 1 2 3 |  3.0
Conjurations   | 2 3 4 5 7 |  7.6
Stealth        | 3 |  3.0
Dodging        | 3 |  3.0
Air Magic      | 2 |  2.3
Poison Magic   | 2 |  2.5
Transmutations | 1 |  1.2
Evocations     | 1 2 |  2.0
Ice Magic      | 1 |  1.0
Summonings     | |  1.1
Translocations | |  1.1

Action                   |  1- 3 |  4- 6 |  7- 9 | 10-12 || total
-------------------------+-------+-------+-------+-------++-------
Melee: Dagger            |     8 |       |       |       ||     8
       Falchion          |       |    28 |       |       ||    28
       Whip              |       |       |    45 |       ||    45
       Short sword       |       |       |     3 |       ||     3
       Punch             |       |       |     2 |       ||     2
       Quarterstaff      |       |       |   127 |       ||   127
       Scimitar          |       |       |    38 |    10 ||    48
 Cast: Magic Dart        |   116 |    39 |   283 |     5 ||   443
       Mephitic Cloud    |     2 |     5 |    32 |     1 ||    40
       Call Imp          |     2 |     1 |     3 |       ||     6
       Blink             |       |       |     1 |     1 ||     2
 Stab: Confused          |       |     3 |    22 |     2 ||    27
       Sleeping          |       |     1 |       |       ||     1
       Paralysed         |       |       |     1 |       ||     1
Armor: Robe              |     6 |     6 |     1 |       ||    13
       Leather armour    |       |       |   153 |     3 ||   156
Dodge: Dodged            |    17 |    14 |   125 |     8 ||   164

Table legend: (Time is in decaauts)
 A = Elapsed time spent in this place.
 B = Non-inter-level travel time spent in this place.
 C = Inter-level travel time spent in this place.
 D = Time resting spent in this place.
 E = Time spent auto-exploring this place.
 F = Levels seen in this place.
 G = Mean time per level.
                   A        B        C        D        E       F      G
               +--------+--------+--------+--------+--------+-----+--------+
         Total |   9002 |   8693 |    309 |    270 |   6915 |   9 | 1000.2 |
       Dungeon |   8924 |   8634 |    290 |    270 |   6870 |   8 | 1115.5 |
        Temple |     78 |     59 |     19 |      0 |     44 |   1 |   78.0 |
               +--------+--------+--------+--------+--------+-----+--------+

Top non-repeatable levels by time:
     D:4: 1585 daAuts
     D:1: 1447 daAuts
     D:6: 1305 daAuts
     D:5: 988 daAuts
     D:7: 987 daAuts
     D:2: 935 daAuts
     D:3: 927 daAuts
     D:8: 747 daAuts
  Temple: 78 daAuts
